[Event "67th Mexican-ch Open 2022"]
[Site "Chihuahua"]
[Date "2022.04.14"]
[Round "3.21"]
[White "Lopez Raygoza, Luis Alberto"]
[Black "Villanueva De Leon, Vanessa"]
[Result "1-0"]
[ECO "B51"]
[WhiteElo "2207"]
[BlackElo "1729"]
[Annotator "TA"]
[PlyCount "63"]
[EventDate "2022.04.12"]
[EventType "swiss"]
[EventCountry "MEX"]
[SourceTitle "playchess.com"]
[Source "ChessBase"]
[SourceQuality "1"]
[TimeControl "5400+30"]

1. e4 c5 2. Nf3 d6 3. Bb5+ Nd7 4. O-O a6 5. Bd3 Ngf6 6. Re1 {[%emt 0:00:33] B51: Sicilian: Moscow Variation (3 Bb5+) without 3...Bd7.} e5 7. a4 Be7 8. c3 {[%emt 0:00:22] White is slightly better.} O-O 9. Bc2 Nb8 10. d4 cxd4 11. cxd4 Bg4 12. d5 {[%emt 0:01:29] [#] Against Nc6} Qc7 $146 ({Predecessor:} 12... Nbd7 13. Na3 Rc8 14. h3 Bh5 15. b4 Bg6 16. a5 Nh5 17. Bd3 h6 18. Qb3 f5 19. exf5 Bxf5 20. Bxf5 Rxf5 {½-½ (29) Fister,B (2305)-Kuhne,D (2348) ICCF email 2014}) 13. Nc3 Nbd7 14. Bd3 Nc5 15. Bf1 Rfc8 16. h3 Bh5 (16... Bxf3 $5 17. Qxf3 Qb6 $11) 17. Ra3 {[%emt 0:04:06] [#]} (17. g4 $11 Bg6 18. Nd2) 17... Bg6 (17... Ncxe4 $1 $15 18. g4 Bg6) 18. Nd2 $1 $14 Bxe4 19. b4 $16 Bxd5 (19... Nd3 $16 20. Ndxe4 Nxe1 21. Nxf6+ (21. Qxe1 Nxe4 22. Qxe4 Qd8 $16) 21... Bxf6) 20. Nxd5 $18 Nxd5 21. bxc5 Qxc5 22. Ne4 Qc6 23. Bd2 {[%emt 0:01:08] Against Nb4} f5 $2 {[%emt 0:02:44] [#]} (23... Nc7 24. Qb1 (24. Rc3 Qd7 $18) 24... b5 25. axb5 axb5) 24. Nc3 (24. Qb3 $142 $1) 24... Nxc3 (24... Nf6 {keeps fighting.} 25. Rb3 Rc7) 25. Rxc3 ({Don't do} 25. Bxc3 $6 h6 26. Bb2 Kh7 $18) 25... Qd7 26. Qb3+ Kf8 (26... Kh8 {might work better.} 27. Rxc8+ Qxc8) 27. Bc4 Rc7 28. Bg8 {[%emt 0:03:14][%csl Gg8][%cal Rb3f7] This bishop pair is nice.} Bf6 29. Rxc7 Qxc7 30. Bxh7 {[%emt 1:01:20] Hoping for Qg8+.} Ke8 {[%emt 0:35:08] [#]} (30... Qf7 $18 31. Qb6 Be7 32. Qxb7 Re8) 31. g3 (31. Rxe5+ $142 $3 Bxe5 32. Qg8+ Ke7 33. Bg5+ Bf6 34. Qxg7+ Kd8 35. Qxf6+ Kc8 36. Qf8+ Kd7 37. Qxf5+ Kc6 38. Qc2+ Kb6 39. a5+ Kb5 40. Qxc7) 31... Qd8 32. h4 {Weighted Error Value: White=0.36/Black=0.95} (32. Bg6+ $142 Kd7 33. Qxb7+ Qc7 34. Bxf5+ Kd8 {[#]} 35. Ba5 $1 Ke7 36. Bxc7 Bg5 37. Bxd6+ $1 Kxd6 38. Rd1+ Bd2 39. Rxd2+ Kc5 40. Rc2+ Kd6 41. Qd7#) 1-0

[Event "67th Mexican-ch Open 2022"]
[Site "Chihuahua"]
[Date "2022.04.14"]
[Round "3.22"]
[White "Mejia Nunez, Haziel"]
[Black "Flores Guerrero, Jesus Aldair"]
[Result "0-1"]
[ECO "B01"]
[WhiteElo "1611"]
[BlackElo "2251"]
[Annotator "ChessBase"]
[PlyCount "90"]
[EventDate "2022.04.12"]
[EventType "swiss"]
[EventCountry "MEX"]
[SourceTitle "playchess.com"]
[Source "ChessBase"]
[SourceQuality "1"]
[TimeControl "5400+30"]

1. e4 d5 2. exd5 Qxd5 3. Nc3 Qa5 4. b4 Qxb4 5. Rb1 Qd6 6. Bc4 Nf6 7. Qf3 c6 8. d3 e6 9. Bf4 Qd8 10. Kf1 Bd6 11. Nge2 O-O 12. h4 Bxf4 13. Qxf4 Nd5 14. Bxd5 exd5 15. g4 Na6 16. Qf3 f5 17. g5 Nc5 18. Nf4 Ne6 19. Nce2 b5 20. Nxe6 Bxe6 21. Nd4 Qd6 22. Nxe6 Qxe6 23. Qe3 Qxe3 24. fxe3 Rae8 25. Ke2 f4 26. Rh3 Re7 27. Kd2 fxe3+ 28. Rxe3 Rf2+ 29. Ke1 Rxe3+ 30. Kxf2 Rh3 31. Rb4 Rh2+ 32. Ke3 Rxc2 33. a4 a5 34. axb5 axb4 35. b6 Rc5 36. Kd4 Rb5 37. b7 b3 38. h5 b2 39. g6 b1=Q 40. Ke5 Qe1+ 41. Kd6 Kf8 42. Kxc6 Qb4 43. d4 Ke7 44. Kc7 Rxb7+ 45. Kc6 Qb5# 0-1

[Event "67th Mexican-ch Open 2022"]
[Site "Chihuahua"]
[Date "2022.04.14"]
[Round "3.23"]
[White "Blanco Fernandez, Alvaro"]
[Black "Baeza, Patricio"]
[Result "1-0"]
[ECO "E10"]
[WhiteElo "2216"]
[BlackElo "1711"]
[Annotator "TA"]
[PlyCount "61"]
[EventDate "2022.04.12"]
[EventType "swiss"]
[EventCountry "MEX"]
[SourceTitle "playchess.com"]
[Source "ChessBase"]
[SourceQuality "1"]
[TimeControl "5400+30"]

1. Nf3 Nf6 2. c4 Nc6 3. d4 e6 4. a3 d6 5. Nc3 g6 6. e4 Bg7 7. d5 {[%emt 0:00:37] E10: Blumenfeld Gambit.} Nb8 8. h3 O-O 9. Bd3 {[%emt 0:01:16] White has an edge.} a5 10. O-O {[%emt 0:00:37] [#]} exd5 $146 ({Predecessor:} 10... e5 11. Rb1 Nh5 12. Re1 Nf4 13. Bf1 h6 14. Kh2 g5 15. g3 Ng6 16. Nd2 Nd7 {½-½ (34) Peek,M (2325)-Hausrath,D (2487) Vlissingen 2016}) 11. cxd5 (11. Nxd5 Nbd7 $11) 11... Nbd7 12. Re1 Nc5 13. Bc2 Re8 14. Bg5 h6 15. Bh4 g5 16. Bg3 Nfd7 (16... g4 $11) 17. Nd4 Ne5 18. Qe2 Ng6 19. Rad1 f5 $2 ({Better is} 19... a4 $14) 20. Qh5 $18 Bxd4 21. Qxg6+ ({Not} 21. Rxd4 Kg7 $16) 21... Bg7 22. exf5 (22. e5 $18 {and the rest is easy.}) 22... Rf8 $2 (22... Rxe1+ $16 23. Rxe1 Bd7) 23. Re6 Bd7 24. Qh5 $40 {[%emt 0:05:09][%mdl 128] White wants a kill. 0x0.002ceff46a05dp-1022s more active pieces.} Qc8 $2 (24... Nxe6 $16 {was called for.} 25. fxe6 Be8) 25. Rde1 Re8 $2 (25... Nxe6 26. fxe6 (26. dxe6 Qe8 $18) 26... Qe8) 26. Qg6 {[%emt 0:04:09][%cal Of5f6] [#] White threatens f6! and mate.} Bxe6 27. fxe6 Qd8 28. Re3 {[%emt 0:00:31] White wants to mate with Rf3.} Qe7 29. Qh7+ {[%emt 0:00:39] White mates.} Kf8 30. Rf3+ Bf6 31. Qh8# {[%emt 0:01:06] Weighted Error Value: White=0.33/Black=0.82} 1-0

[Event "67th Mexican-ch Open 2022"]
[Site "Chihuahua"]
[Date "2022.04.14"]
[Round "3.24"]
[White "Garduno Huerta, Joshua Emiliano"]
[Black "Quiroga Jaquez, Angel Ivan"]
[Result "1-0"]
[ECO "D40"]
[WhiteElo "1622"]
[BlackElo "2185"]
[Annotator "TA"]
[PlyCount "117"]
[EventDate "2022.04.12"]
[EventType "swiss"]
[EventCountry "MEX"]
[SourceTitle "playchess.com"]
[Source "ChessBase"]
[SourceQuality "1"]
[TimeControl "5400+30"]

1. d4 Nf6 2. c4 e6 3. Nc3 d5 4. Nf3 Be7 5. e3 O-O 6. Bd3 c5 7. cxd5 exd5 8. dxc5 Nc6 9. O-O Bxc5 10. a3 a6 11. b4 {[%emt 0:01:39] D40: Queen's Gambit Declined: Semi-Tarrasch with 5 e3.} Bd6 12. Bb2 Ne5 13. Be2 {[%emt 0:01:31] White is slightly better.} Nc4 14. Bxc4 dxc4 {[%emt 0:00:07] [#]} 15. e4 $146 ({Predecessor:} 15. Qd4 Be6 16. Rad1 Be7 17. Qe5 Nd7 18. Qg3 Bf6 19. Nd4 Qe7 20. f4 Bxd4 21. Rxd4 f6 22. e4 {1-0 (41) Belov,I (2440)-Zolnierowicz,K (2355) Katowice 1993}) 15... Qc7 $2 (15... Bg4 $11) 16. Qd4 $1 $16 Ne8 (16... Be7 $16) 17. e5 $18 Be7 18. Nd5 Qd8 19. Nb6 ({Resist} 19. Qxc4 $6 Be6 $16) (19. Rad1 $18) 19... Qxd4 20. Nxd4 Rb8 21. Rac1 Bd8 22. Nxc4 {[%emt 0:01:36] 0x0.000e62c4cf4ddp-1022s more active pieces.} Nc7 23. Nb6 {[%emt 0:05:00][%cal Oe5e6] Threatens to win with e6!} Bg4 {[%emt 0:00:59] Prevents e6.} 24. h3 Nb5 25. Nc4 Bd7 26. Rfd1 Bg5 27. Rc2 Rfd8 28. Nxb5 (28. Re2 $5 ) 28... Bf5 {[%emt 0:00:59] This bishop pair is nice.} 29. Rxd8+ Rxd8 30. Nd4 Bxc2 31. Nxc2 {[%emt 0:00:03] Strongly threatening Nd6.} Rd1+ 32. Kh2 b5 33. N4e3 Rd2 {[%emt 0:00:07] ...Bxe3 is the strong threat.} 34. Bc3 Rxf2 35. Kg3 Rf4 (35... Bxe3 $11 36. Nxe3 Ra2) 36. Bd2 ({White should play} 36. Ne1 $1 $16 ) 36... Re4 $11 37. Kf3 Rxe5 {[%emt 0:00:48] [#]} 38. Ng4 $1 Rd5 (38... Rf5+ 39. Ke4) 39. Bxg5 Rxg5 40. Nce3 h5 41. Kf4 f6 {[%emt 0:00:29] [#]} (41... Rg6 $5 42. Ne5 Rf6+ 43. Ke4 Rf2 $11) 42. h4 $1 {[%emt 0:00:00] And now Nxf6+ would win.} Rxg4+ 43. Nxg4 hxg4 44. Kxg4 {[%emt 0:00:00][%mdl 4096] Endgame Intending Kf5 and mate. KP-KP} Kh7 $2 (44... g6 $11) 45. Kf5 $1 Kh6 46. g4 Kh7 47. g5 fxg5 48. hxg5 {[%emt 0:00:01] K3P-K3P} Kg8 49. Ke6 Kf8 50. g6 Ke8 51. Kd6 Kd8 {[%emt 0:11:12] [#]} 52. Ke6 $2 (52. Kc6 $1 {mates} Ke7 53. Kb7 Kf6 54. Kxa6 Kxg6 55. Kxb5 Kf5 56. Kc4 Ke5 57. a4) 52... Ke8 $1 53. Kd6 $2 (53. Kd5 $11 Kd7 54. Kc5) 53... Kd8 {[%emt 0:00:00] [#]} 54. Kc6 $1 {[%emt 0:00:26] White mates.} Ke7 55. Kb6 Kf6 56. Kxa6 Kxg6 57. Kxb5 Kf5 58. Kc4 Kf4 59. Kd3 {[%emt 0:00:08] Weighted Error Value: White=0.22 (precise) /Black=0.27 (precise)} 1-0

[Event "67th Mexican-ch Open 2022"]
[Site "Chihuahua"]
[Date "2022.04.14"]
[Round "3.25"]
[White "Padilla Garcia, Cecilia Xasive"]
[Black "Corrales Jimenez, Zenia"]
[Result "1-0"]
[ECO "B23"]
[WhiteElo "1834"]
[BlackElo "2151"]
[Annotator "TA"]
[PlyCount "57"]
[EventDate "2022.04.12"]
[EventType "swiss"]
[EventCountry "MEX"]
[SourceTitle "playchess.com"]
[Source "ChessBase"]
[SourceQuality "1"]
[TimeControl "5400+30"]

1. e4 c5 2. Nc3 Nc6 3. Bb5 g6 4. Bxc6 bxc6 5. d3 Bg7 6. f4 d6 7. Nf3 e6 8. O-O Ne7 9. Qe1 Rb8 {[%emt 0:05:34] B23: Closed Sicilian: Lines without g3.} 10. b3 O-O 11. Bb2 Ba6 {[%emt 0:11:02] White is better.} 12. Na4 Bxb2 13. Nxb2 {[%emt 0:01:05] [#] Pair of Knights!} f6 $146 ({Predecessor:} 13... d5 14. c4 Rb4 15. Qh4 f6 16. g4 Nc8 17. e5 f5 18. Qxd8 Rxd8 19. Ng5 Re8 20. gxf5 exf5 {½-½ (51) Ermis,M (1875)-Yilmaz,G (2172) Ankara 2017}) 14. Qg3 (14. Qf2 $142) 14... Kg7 ({Black should play} 14... Qd7) 15. h4 d5 (15... Kh8 $16 {was necessary.}) 16. c4 $18 Qa5 17. Rfc1 Rbd8 18. h5 (18. Na4 $18) 18... Kf7 (18... Kh8 $16 {is a better defense.}) 19. Qh3 Rg8 (19... Kg7 $16 20. Na4 (20. Qxe6 Qc7 $16) 20... Bc8) 20. e5 g5 $2 {[%emt 0:03:20] [#]} (20... Nf5 21. g4 Nd4 22. Nxd4 cxd4 23. hxg6+ hxg6) 21. exf6 g4 22. Ne5+ Kxf6 23. Qh4+ Kf5 24. Qxe7 Rdf8 25. g3 (25. Nf7 $142 Qd8 26. Nxd8 Bc8 27. Nxc6 Bd7 28. Qxd7 Kxf4 29. Rf1+ Kg3 30. Qd6+ Kh4 31. g3+ Kh3 32. Rxf8) 25... Bc8 26. Nxc6 {[%emt 0:05:22] White mates.} Qd2 {[%emt 0:00:56] [#]} 27. Re1 $1 Qxb2 (27... Qc3 28. Re5+) 28. Re5+ Qxe5 29. fxe5 {[%emt 0:01:14] Weighted Error Value: White=0.18 (very precise) /Black=1.07} 1-0

[Event "67th Mexican-ch Open 2022"]
[Site "Chihuahua"]
[Date "2022.04.14"]
[Round "3.26"]
[White "Ruiz Villalba, Andrea"]
[Black "Guerrero Rodriguez, Alejandra"]
[Result "0-1"]
[ECO "C02"]
[WhiteElo "1831"]
[BlackElo "2019"]
[Annotator "TA"]
[PlyCount "118"]
[EventDate "2022.04.12"]
[EventType "swiss"]
[EventCountry "MEX"]
[SourceTitle "playchess.com"]
[Source "ChessBase"]
[SourceQuality "1"]
[TimeControl "5400+30"]

1. e4 e6 2. d4 c5 3. c3 d5 4. e5 Nc6 5. Nf3 Qb6 6. a3 f6 7. Bd3 Bd7 (7... fxe5 $11 8. Nxe5 Nf6) 8. O-O $14 {[%emt 0:02:42] The main line 8.0-0 scores better than 8.b4. C02: French: Advance Variation.} c4 9. Bc2 Be7 {[%emt 0:00:10] [#]} 10. Nbd2 $146 {[%emt 0:26:43][%cal Bb1d2,Bd2b3,Bb3c5][%mdl 32] White is better.} ({Predecessor:} 10. Re1 fxe5 11. dxe5 Bc5 12. Re2 Nge7 13. Nbd2 O-O-O 14. b4 cxb3 15. Nxb3 a6 16. Rb1 {1-0 (37) Nunez,P (1496)-Miranda Fernandez,M (1144) Asuncion 2019}) 10... Nh6 (10... fxe5 $16 11. Nxe5 Nxe5 12. dxe5 O-O-O) 11. exf6 $18 Bxf6 12. b3 cxb3 13. Nxb3 {[%emt 0:00:07] Black must now prevent Nc5.} Nf7 14. Nc5 {[%emt 0:05:01] aiming for Rb1.} Qc7 15. Re1 Ncd8 16. Ba4 b5 (16... Bxa4 $16 17. Qxa4+ Qc6) 17. Bb3 O-O {[%emt 0:00:59] [#]} 18. Bf4 $1 Qc8 (18... Qxf4 19. Nxd7) 19. a4 bxa4 20. Bxa4 Nc6 (20... Be8 {was worth a try.} 21. Bxe8 Rxe8) 21. Bxc6 (21. c4 $18 {is more deadly.}) 21... Qxc6 $16 22. Ra6 Qc8 23. Qa1 Nd8 24. Bd6 Rf7 25. Rxa7 Rxa7 26. Qxa7 Bc6 27. Qb8 Qxb8 28. Bxb8 Re7 29. Bd6 Ra7 30. Nxe6 (30. h4 $18) 30... Nxe6 31. Rxe6 Bd7 32. Re1 Bf5 33. Bb4 Ra2 34. h3 (34. Be7 $18) 34... Be4 35. Nh2 (35. Ne5 $16) 35... Bg5 (35... Bh4 $1 $11 36. g3 Bxg3 37. fxg3 Rg2+ 38. Kf1 Rxh2) 36. Ng4 h5 37. Ne3 Rb2 {[%emt 0:00:27] [#]} 38. f3 (38. Nc4 $1 $16 Ra2 39. Ne5) 38... Rb1 $11 {[%emt 0:00:30][%mdl 64] Deflection} 39. Rxb1 $4 {[%emt 0:00:36][%mdl 8192] White does not recover from this.} ({Don't blunder} 39. Nd1 $2 {[#]} Bh4 $1 40. Rf1 Bd3 $19) (39. Kf2 $1 $11 {and White is okay.} Bh4+ 40. g3 Rb2+ 41. Kg1 Bxg3 42. fxe4 Bxe1 43. Nxd5) 39... Bxe3+ $19 40. Kf1 Bxb1 {[%emt 0:00:12][%mdl 4096] Endgame} 41. Ke2 Bf4 42. g4 hxg4 43. fxg4 (43. hxg4 Kf7 44. Bc5) 43... Be4 44. Be7 $2 (44. h4) 44... Kf7 45. Bd8 Ke8 46. Ba5 g5 {[%emt 0:00:43] ...Bg2 is the strong threat.} 47. Kf2 {[%emt 0:00:11] Against Bg2} Kd7 48. Bb6 Kc6 {[%emt 0:00:36] Black mates.} 49. Bd8 Kb5 50. h4 gxh4 51. Bxh4 Kc4 52. Bf6 Kxc3 53. g5 Kd3 54. Be7 Kxd4 55. Bf6+ Kd3 56. Be7 Be5 57. Bd8 d4 58. Ke1 Kc2 59. Bb6 d3 {[%emt 0:00:16] Weighted Error Value: White=0.73/Black=0.21 (precise)} 0-1

[Event "67th Mexican-ch Open 2022"]
[Site "Chihuahua"]
[Date "2022.04.14"]
[Round "3.27"]
[White "Ortega Beltran, Ximena"]
[Black "Martinez de La Trinidad, Alexandra"]
[Result "1-0"]
[ECO "A22"]
[WhiteElo "1725"]
[BlackElo "1843"]
[Annotator "NA RC"]
[PlyCount "54"]
[EventDate "2022.04.12"]
[EventType "swiss"]
[EventCountry "MEX"]
[SourceTitle "playchess.com"]
[Source "ChessBase"]
[SourceQuality "1"]
[TimeControl "5400+30"]

1. c4 e5 2. g3 Nf6 3. Bg2 Bc5 4. Nc3 O-O 5. Nf3 e4 6. Ng5 Bxf2+ 7. Kxf2 Ng4+ 8. Kg1 Qxg5 9. Nxe4 Qe7 10. h3 Ne5 11. d4 Nxc4 12. Qd3 Nd6 13. Ng5 f5 14. Bd5+ Kh8 15. Qf3 c6 16. Bb3 Ne4 17. Nxh7 Rd8 18. Nf8 Qe8 19. Qxf5 g6 20. Nxg6+ Kg7 21. Bh6+ Kxh6 22. Bf7 Nxg3 23. Qf4+ Kg7 24. Qxg3 Qe4 25. Rf1 d5 26. Ne5+ Kh8 27. Rf4 Kh7 1-0

[Event "67th Mexican-ch Open 2022"]
[Site "Chihuahua"]
[Date "2022.04.15"]
[Round "4.1"]
[White "Cori Quispe, Kevin Joel"]
[Black "Cordova, Emilio"]
[Result "1/2-1/2"]
[ECO "C01"]
[WhiteElo "2492"]
[BlackElo "2534"]
[Annotator "TA"]
[PlyCount "50"]
[EventDate "2022.04.12"]
[EventType "swiss"]
[EventCountry "MEX"]
[SourceTitle "playchess.com"]
[Source "ChessBase"]
[SourceQuality "1"]
[TimeControl "5400+30"]

1. e4 e6 2. d4 d5 3. exd5 exd5 4. Bd3 Bd6 5. Ne2 Ne7 6. O-O O-O 7. Bf4 Bf5 8. c3 c6 9. Bxd6 Qxd6 10. Ng3 Bxd3 11. Qxd3 Nd7 12. Nd2 {[%emt 0:01:14] The position is equal.} Qg6 {[%emt 0:00:06] C01: French: Exchange Variation.} 13. Qxg6 hxg6 14. Rfe1 Rae8 15. Kf1 Nc8 16. Rxe8 Rxe8 17. Re1 {[%emt 0:00:13] [#]} Rxe1+ $146 ({Predecessor:} 17... Nf6 18. Rxe8+ Nxe8 19. Ke2 {½-½ (19) Froehlich,P (2375)-Appleberry,M (2262) Budapest 2000}) 18. Kxe1 $11 {[%mdl 4096] Endgame KNN-KNN} Nd6 19. Ke2 Kf8 20. Ke1 Ke7 21. Ke2 Ke8 22. Kd1 Kd8 23. b3 b6 24. Ke2 Ke7 25. Kd1 Kd8 {[%emt 0:00:30] A rather calm draw.  Weighted Error Value: White=0.04 (flawless) /Black=0.03 (flawless)} 1/2-1/2

[Event "67th Mexican-ch Open 2022"]
[Site "Chihuahua"]
[Date "2022.04.15"]
[Round "4.2"]
[White "Salinas Herrera, Pablo"]
[Black "Ibarra Chami, Luis Fernando"]
[Result "1-0"]
[ECO "B51"]
[WhiteElo "2517"]
[BlackElo "2451"]
[Annotator "TA"]
[PlyCount "47"]
[EventDate "2022.04.12"]
[EventType "swiss"]
[EventCountry "MEX"]
[SourceTitle "playchess.com"]
[Source "ChessBase"]
[SourceQuality "1"]
[TimeControl "5400+30"]

1. e4 c5 2. Nf3 d6 3. Bb5+ Nd7 4. a4 Ngf6 5. Nc3 e6 6. d4 {[%emt 0:02:50] B51: Sicilian: Moscow Variation (3 Bb5+) without 3...Bd7.} cxd4 7. Qxd4 Be7 8. O-O {[%emt 0:00:18] The position is equal.} O-O 9. Rd1 a6 {[%emt 0:04:17] [#] ...e5 is the strong threat.} 10. Be2 Qc7 11. a5 {[%emt 0:01:13] [#]} e5 $146 ({Predecessor:} 11... Rd8 12. Be3 Ng4 13. Bg5 Ngf6 14. Qc4 Qxc4 15. Bxc4 b5 16. axb6 Nxb6 17. Be2 Bb7 {0-1 (62) Deac,B (2627)-Aronian,L (2781) Bucharest 2021}) 12. Qc4 Qb8 13. Be3 b5 14. axb6 $1 Nxb6 15. Qb4 Nbd7 16. Qxb8 {[%emt 0:00:20] &Bianco is much more active. The black rooks are badly placed.} Nxb8 (16... Rxb8 $14 17. Rdb1 (17. Bxa6 Bxa6 18. Rxa6 Rxb2 $11) 17... Bb7) 17. Nd2 Nc6 18. Nc4 $36 {[%emt 0:28:48][%mdl 2048] White has strong initiative.} Nb4 19. Rac1 ({Much weaker is} 19. Nxd6 $6 Nxc2 20. Nxc8 Rfxc8 $11) 19... Ne8 (19... Ng4 $16 {was necessary.}) 20. Na4 $18 Bb7 (20... Rb8 {was called for.} 21. Nab6 Be6) 21. c3 {[%emt 0:00:57] White has a decisive advantage.} Nc6 22. Nab6 Rd8 23. Nd5 h6 {[%emt 0:10:27] [#]} 24. Nxe5 $1 {[%emt 0:02:31][%mdl 512] Weighted Error Value: White=0.04 (flawless) /Black=0.16 (very precise)} 1-0

[Event "67th Mexican-ch Open 2022"]
[Site "Chihuahua"]
[Date "2022.04.15"]
[Round "4.3"]
[White "Sandoval Mercado, Carlos"]
[Black "Cori, Jorge"]
[Result "0-1"]
[ECO "A50"]
[WhiteElo "2289"]
[BlackElo "2650"]
[Annotator "TA"]
[PlyCount "74"]
[EventDate "2022.04.12"]
[EventType "swiss"]
[EventCountry "MEX"]
[SourceTitle "playchess.com"]
[Source "ChessBase"]
[SourceQuality "1"]
[TimeControl "5400+30"]

1. d4 Nf6 2. c4 b6 3. Nf3 Bb7 4. g3 g6 5. Bg2 Bg7 6. O-O O-O 7. d5 {[%emt 0:00:49] 7.Re1 is a critical line.} Na6 {[%emt 0:07:58] A50: Queen's Fianchetto Defence (1 d4 Nf6 2 c4 b6).} 8. Nc3 Nc5 {[%emt 0:00:45] Prevents e4.} 9. Nd4 a5 {[%emt 0:10:34] White is slightly better.} 10. e4 e5 {[%emt 0:04:11] [#]} 11. Nde2 $146 ({Predecessor:} 11. Nc2 d6 12. b3 Bc8 13. Rb1 Bd7 14. a3 a4 15. b4 Nb3 16. Bb2 h5 17. h4 {0-1 (38) Vidit,S (2707)-Rapport,R (2736) Hengshui 2019}) 11... d6 (11... c6 {feels hotter.} 12. Bg5 Ba6 13. b3 b5) 12. b3 Bc8 13. Rb1 Bd7 14. h3 Ne8 15. a3 f5 16. b4 axb4 17. axb4 Nxe4 18. Nxe4 fxe4 19. Nc3 Nf6 20. Bg5 Qc8 21. Kh2 Bf5 22. Ra1 Rxa1 23. Qxa1 e3 24. Bxe3 Bd3 $1 25. Rc1 (25. Rd1 $5 Bxc4 26. b5 $11) 25... Bxc4 26. Ne4 b5 27. Nxf6+ Bxf6 28. Qa7 Rf7 (28... e4 $17) 29. Ra1 (29. h4 $11 {remains equal.}) 29... e4 $1 $17 30. Bxe4 Bxa1 31. Qxa1 Qe8 32. Bg2 h5 33. Bd4 Kh7 34. Qc1 (34. h4 $17) 34... Bd3 {[%emt 0:04:24] aiming for ...Qe7.} 35. Ba1 $2 (35. Qa3 $17 {was called for.} Bc4 36. h4) 35... Rxf2 $19 {[%emt 0:01:16] White must now prevent ...Rc2.} 36. Qxc7+ (36. Qc3 {[#] is a self mate.} Rxg2+ $1 37. Kh1 Rh2+ $3 38. Kxh2 Qe2+ 39. Kg1 Qf1+ 40. Kh2 Qf2+ 41. Kh1 Be4+) 36... Qf7 37. Qb6 (37. Qxf7+ $19 Rxf7 38. Kg1) 37... Be4 {[%emt 0:19:49] Weighted Error Value: White=0.37/Black=0.08 (flawless)} 0-1

[Event "67th Mexican-ch Open 2022"]
[Site "Chihuahua"]
[Date "2022.04.15"]
[Round "4.4"]
[White "Morales Garcia, Sergio Joshafatt"]
[Black "Mareco, Sandro"]
[Result "1/2-1/2"]
[ECO "D24"]
[WhiteElo "2246"]
[BlackElo "2643"]
[Annotator "TA"]
[PlyCount "103"]
[EventDate "2022.04.12"]
[EventType "swiss"]
[EventCountry "MEX"]
[SourceTitle "playchess.com"]
[Source "ChessBase"]
[SourceQuality "1"]
[TimeControl "5400+30"]

1. d4 Nf6 2. c4 e6 3. Nf3 d5 4. Nc3 dxc4 5. e4 b5 (5... Bb4 $5 ) 6. e5 {[%emt 0:00:14] D24: Queen's Gambit Accepted: 3 Nf3 Nf6 4 Nc3.} Nd5 7. Nxb5 Nb6 8. Be3 {[%emt 0:01:54] White is slightly better.} Nc6 9. Nc3 Bb7 10. a3 Be7 11. Be2 O-O 12. O-O Na5 13. Qc2 {[%emt 0:01:57] [#]} Rc8 $146 ({Predecessor:} 13... Nd5 14. Rad1 Nxe3 15. fxe3 c5 16. d5 exd5 17. Nxd5 Bxd5 18. e4 Bxe4 19. Qxe4 Qc8 20. Bxc4 Nxc4 21. Qxc4 {½-½ (48) Keymer,V (2491)-Kovalev,V (2664) Douglas 2018}) 14. Rad1 h6 15. Rfe1 Qe8 16. Nd2 c5 {[%emt 0:13:27] [#]} (16... Rb8 $11) 17. Nde4 ({White should play} 17. dxc5 $1 $16 Bxc5 18. Bxc5 Rxc5 19. f4) 17... cxd4 $11 18. Bxd4 Bxe4 19. Qxe4 (19. Nxe4 $5 Qa4 20. Qc3 $14) 19... Bc5 20. Qe3 Nb3 21. Bxc5 Rxc5 22. Rd6 (22. Qg3 $5 ) 22... Nc8 {[%emt 0:08:05] Pair of Knights!} ({Don't do} 22... Nd5 23. Nxd5 exd5 24. Bd1 $16) 23. Rdd1 Ne7 24. f4 Rc7 25. Bf3 (25. Qf2 $14) 25... Nc5 {[%emt 0:01:09] White should prevent ...Nf5.} 26. Be4 Qb8 27. Re2 Nxe4 28. Nxe4 Rd8 (28... Nd5 {keeps more tension.} 29. Qg3 c3 30. bxc3 Qb3) 29. Rxd8+ Qxd8 30. Rd2 Qb8 31. h3 Nd5 32. Qg3 Qb6+ 33. Kh2 Kh7 34. Nc3 Ne3 {[%emt 0:00:34] [#] ( -> ...Nf1+)} 35. Qf3 {[%emt 0:00:24] Prevents Nf1+. Rd6 is the strong threat.} Nf5 {[%emt 0:00:18] Against Rd6} 36. Qe4 Qe3 37. Qxe3 {[%emt 0:00:22] Active counter play!} Nxe3 {[%emt 0:00:08][%mdl 4096] Endgame KRN-KRN} 38. Kg1 {[%emt 0:00:20] Inhibits Nf1.} Nf5 39. Kf2 Rb7 40. g4 Ne7 41. Ke3 g5 42. fxg5 hxg5 43. Rf2 Nc6 (43... Ng6 $5 ) 44. Ne4 Rb3+ 45. Nc3 Nxe5 {[%emt 0:02:27] Strongly threatening ...Kg6.} 46. Kd4 {[%emt 0:00:13] The position is equal.} Nc6+ 47. Kc5 Ne5 48. Kd4 Nc6+ 49. Kc5 $1 Ne5 50. Kd4 Nc6+ 51. Kc5 Ne5 52. Kd4 {[%emt 0:03:13] Weighted Error Value: White=0.07 (flawless) /Black=0.08 (flawless)} 1/2-1/2